NCAA
VIRGINIA CAVALIERS @ MICHIGAN STATE SPARTANS
05/14/2023
 
TOP OF THE 1ST
Virginia Cavaliers batting - Pitching for Michigan State Spartans : RHP Adam MacDonald
Pitching: RHP Adam MacDonald
Batting: LHB John Frost 0-0: Ball
1-0: Ball
2-0: Ball
3-0: Base on Balls
Batting: RHB Rafael Ornelas 0-0: Ball
1-0: Swinging Strike
1-1: Ball
2-1: SINGLE (Flyball, 3D)
John Frost to second
Runner from 2nd tries for 3rd, SAFE, no throw or cutoff
Batting: LHB José Márquez 0-0: Called Strike
0-1: Swinging Strike
0-2: Strikes out swinging
Batting: RHB John Warren 0-0: Ball
1-0: Called Strike
1-1: Ball
2-1: Foul Ball, location: 2F
2-2: Strikes out swinging
Batting: RHB Ty Ford 0-0: Called Strike
0-1: Called Strike
0-2: Foul Ball, location: 2F
0-2: Strikes out looking
Top of the 1st over - 0 run(s), 1 hit(s), 0 error(s), 2 left on base; Virginia 0 - Michigan State 0
BOTTOM OF THE 1ST
Michigan State Spartans batting - Pitching for Virginia Cavaliers : RHP Jimmy Love
Pitching: RHP Jimmy Love
Batting: RHB Mike Copeland 0-0: Ball
1-0: Swinging Strike
1-1: Ball
2-1: Swinging Strike
2-2: Ball
3-2: Strikes out swinging
Batting: LHB Troy Jackson 0-0: Ball
1-0: Ground out 6-3 (Groundball, 6M)
Batting: SHB Wayne Matthews 0-0: Ball
1-0: DOUBLE (Line Drive, 89M)
Batting: LHB Raúl Casillán 0-0: Foul Ball, location: 2F
0-1: Ball
1-1: Foul Ball, location: 2F
1-2: Foul Ball, location: 2F
1-2: Ground out 1-3 (Groundball, 15S)
Bottom of the 1st over - 0 run(s), 1 hit(s), 0 error(s), 1 left on base; Virginia 0 - Michigan State 0
TOP OF THE 2ND
Virginia Cavaliers batting - Pitching for Michigan State Spartans : RHP Adam MacDonald
Batting: RHB Jeremy Johnston 0-0: SINGLE (Line Drive, 4MD)
Batting: RHB John Dorsey 0-0: Ball
1-0: Grounds into double play, 4-6-3 (Groundball, 4)
Batting: RHB David Carter 0-0: Called Strike
0-1: Foul Ball, location: 2F
0-2: Ball
1-2: SINGLE (Groundball, 6MD)
Batting: RHB Flynn Green 0-0: Ball
1-0: Called Strike
1-1: Ground out 5-3 (Groundball, 5S)
Top of the 2nd over - 0 run(s), 2 hit(s), 0 error(s), 1 left on base; Virginia 0 - Michigan State 0
BOTTOM OF THE 2ND
Michigan State Spartans batting - Pitching for Virginia Cavaliers : RHP Jimmy Love
Batting: LHB Billy Anderson 0-0: Ball
1-0: Ground out U3 (Groundball, 3)
Batting: RHB Juan García 0-0: Fly out, F8 (Flyball, 8LM)
Batting: RHB Jorge Carranza 0-0: Called Strike
0-1: Ball
1-1: Swinging Strike
1-2: Ball
2-2: Ball
3-2: Base on Balls
Batting: RHB Donald Brampton 0-0: Called Strike
0-1: Ball
1-1: Swinging Strike
1-2: Strikes out swinging
Bottom of the 2nd over - 0 run(s), 0 hit(s), 0 error(s), 1 left on base; Virginia 0 - Michigan State 0
TOP OF THE 3RD
Virginia Cavaliers batting - Pitching for Michigan State Spartans : RHP Adam MacDonald
Batting: LHB John Frost 0-0: Called Strike
0-1: Foul Ball, location: 2F
0-2: Ball
1-2: Ground out 1-3 (Groundball, 13)
Batting: RHB Rafael Ornelas 0-0: Foul Ball, location: 2F
0-1: Foul Ball, location: 2F
0-2: Ball
1-2: Strikes out swinging
Batting: LHB José Márquez 0-0: SOLO HOME RUN (Flyball, 9D), Distance : 350 ft
Batting: RHB John Warren 0-0: Ball
1-0: Foul Ball, location: 2F
1-1: Ball
2-1: Foul Ball, location: 2F
2-2: Fly out, F8 (Flyball, 78M)
Top of the 3rd over - 1 run(s), 1 hit(s), 0 error(s), 0 left on base; Virginia 1 - Michigan State 0
BOTTOM OF THE 3RD
Michigan State Spartans batting - Pitching for Virginia Cavaliers : RHP Jimmy Love
Batting: SHB Edmond Richardson 0-0: Ball
1-0: SINGLE (Line Drive, 78M)
Batting: RHB Mike Copeland Pickoff Throw to First - Out!
0-0: Ball
1-0: Ball
2-0: Ball
3-0: Called Strike
3-1: Base on Balls
Batting: LHB Troy Jackson 0-0: Ball
1-0: Ball
2-0: Foul Ball, location: 2F
2-1: Ball
3-1: Fly out, F8 (Flyball, 8LM)
Batting: SHB Wayne Matthews 0-0: Ball
Mike Copeland steals 2nd base
1-0: Fly out, F8 (Flyball, 8RM)
Bottom of the 3rd over - 0 run(s), 1 hit(s), 0 error(s), 1 left on base; Virginia 1 - Michigan State 0
TOP OF THE 4TH
Virginia Cavaliers batting - Pitching for Michigan State Spartans : RHP Adam MacDonald
Batting: RHB Ty Ford 0-0: Ball
1-0: Ball
2-0: Foul Ball, location: 2F
2-1: Called Strike
2-2: Foul Ball, location: 2F
2-2: Foul Ball, location: 2F
2-2: Foul Ball, location: 2F
2-2: Strikes out swinging
Batting: RHB Jeremy Johnston 0-0: Called Strike
0-1: Ball
1-1: Ball
2-1: Ball
3-1: Base on Balls
Batting: RHB John Dorsey 0-0: Ball
1-0: Ball
2-0: Grounds into double play, 5-4-3 (Groundball, 5)
Top of the 4th over - 0 run(s), 0 hit(s), 0 error(s), 0 left on base; Virginia 1 - Michigan State 0
BOTTOM OF THE 4TH
Michigan State Spartans batting - Pitching for Virginia Cavaliers : RHP Jimmy Love
Batting: LHB Raúl Casillán 0-0: Called Strike
0-1: Swinging Strike
0-2: Strikes out swinging
Batting: LHB Billy Anderson 0-0: Ball
1-0: Foul Ball, location: 2F
1-1: Foul Ball, location: 2F
1-2: Fly out, F6 (Popup, 6D)
Batting: RHB Juan García 0-0: Ball
1-0: Foul Ball, location: 2F
1-1: Ball
2-1: Called Strike
2-2: Ball
3-2: Base on Balls
Batting: RHB Jorge Carranza 0-0: Fly out, F3 (Popup, 3SF)
Bottom of the 4th over - 0 run(s), 0 hit(s), 0 error(s), 1 left on base; Virginia 1 - Michigan State 0
TOP OF THE 5TH
Virginia Cavaliers batting - Pitching for Michigan State Spartans : RHP Adam MacDonald
Batting: RHB David Carter 0-0: Ball
1-0: Ball
2-0: Called Strike
2-1: Ball
3-1: Base on Balls
Batting: RHB Flynn Green 0-0: Ball
1-0: Foul Ball, location: 2F
1-1: SINGLE (Line Drive, 56D)
David Carter to second
Batting: LHB John Frost 0-0: Called Strike
0-1: Ball
1-1: Fly out, F4 (Popup, 4M)
Batting: RHB Rafael Ornelas 0-0: Foul Ball, location: 2F
0-1: Ball
1-1: Fielders Choice at 3rd, U5 (Groundball, 5L)
Flynn Green to second
Batting: LHB José Márquez 0-0: Ball
1-0: Ball
2-0: SINGLE (Groundball, 34D)
Flynn Green to third
Rafael Ornelas to second
Runner from 3rd tries for Home, SAFE, no throw or cutoff
Batting: RHB John Warren 0-0: Ball
1-0: 3-RUN HOME RUN (Flyball, 78XD), Distance : 374 ft
Batting: RHB Ty Ford 0-0: Ball
1-0: Foul Ball, location: 2F
1-1: Foul Ball, location: 2F
1-2: Ball
2-2: Ball
3-2: Foul Ball, location: 2F
3-2: Ground out 5-3 (Groundball, 56)
Top of the 5th over - 4 run(s), 3 hit(s), 0 error(s), 0 left on base; Virginia 5 - Michigan State 0
BOTTOM OF THE 5TH
Michigan State Spartans batting - Pitching for Virginia Cavaliers : RHP Jimmy Love
Batting: RHB Donald Brampton 0-0: Foul Ball, location: 2F
0-1: Ball
1-1: Called Strike
1-2: Ball
2-2: Foul Ball, location: 2F
2-2: Ball
3-2: Foul Ball, location: 2F
3-2: Strikes out swinging
Batting: SHB Edmond Richardson 0-0: Ball
1-0: Ball
2-0: Called Strike
2-1: Ball
3-1: Base on Balls
Batting: RHB Mike Copeland 0-0: Ball
1-0: Called Strike
1-1: Swinging Strike
1-2: Ball
2-2: Strikes out looking
Batting: LHB Troy Jackson 0-0: Ball
1-0: Foul Ball, location: 2F
1-1: Ground out U3 (Groundball, 3L)
Bottom of the 5th over - 0 run(s), 0 hit(s), 0 error(s), 1 left on base; Virginia 5 - Michigan State 0
TOP OF THE 6TH
Virginia Cavaliers batting - Pitching for Michigan State Spartans : RHP Adam MacDonald
Pitching: LHP Sergio Rodríguez
Batting: RHB Jeremy Johnston 0-0: Ball
1-0: Ball
2-0: Foul Ball, location: 2F
2-1: Ball
3-1: Base on Balls
Batting: RHB John Dorsey 0-0: Fly out, F7 (Flyball, 78M)
Batting: RHB David Carter 0-0: Ball
1-0: Foul Ball, location: 2F
1-1: Foul Ball, location: 2F
1-2: Strikes out swinging
Batting: RHB Flynn Green 0-0: Ball
1-0: Called Strike
1-1: SINGLE (Line Drive, 56D)
Jeremy Johnston to second
Batting: LHB John Frost 0-0: Called Strike
0-1: Ball
1-1: Ball
2-1: Foul Ball, location: 2F
2-2: Foul Ball, location: 2F
2-2: Ball
3-2: Strikes out swinging
Top of the 6th over - 0 run(s), 1 hit(s), 0 error(s), 2 left on base; Virginia 5 - Michigan State 0
BOTTOM OF THE 6TH
Michigan State Spartans batting - Pitching for Virginia Cavaliers : RHP Jimmy Love
Batting: SHB Wayne Matthews 0-0: Called Strike
0-1: Ball
1-1: Ball
2-1: Foul Ball, location: 2F
2-2: Foul Ball, location: 2F
2-2: Ball
3-2: SINGLE (Groundball, 6MD)
Pitching: RHP Luis Gonzáles
Batting: LHB Raúl Casillán 0-0: Ball
1-0: Ball
2-0: Fly out, F2 (Popup, 23F)
Batting: LHB Billy Anderson 0-0: Ball
1-0: Foul Ball, location: 2F
1-1: SINGLE (Flyball, 7LS)
Wayne Matthews to second
Batting: RHB Juan García 0-0: Ball
1-0: Foul Ball, location: 2F
1-1: Ball
2-1: Foul Ball, location: 2F
2-2: Foul Ball, location: 2F
2-2: Foul Ball, location: 2F
2-2: Ball
3-2: Base on Balls
Wayne Matthews to third
Billy Anderson to second
Batting: RHB Jorge Carranza 0-0: Ball
1-0: Called Strike
1-1: Foul Ball, location: 2F
1-2: Foul Ball, location: 2F
1-2: SINGLE (Groundball, 6MD)
Wayne Matthews scores
Billy Anderson to third
Juan García to second
Batting: RHB Donald Brampton 0-0: Ball
1-0: Ball
2-0: Called Strike
2-1: SINGLE (Groundball, 4M)
Billy Anderson scores
Juan García to third
Jorge Carranza to second
Runner from 3rd tries for Home, SAFE, throw made home
Batting: SHB Edmond Richardson 0-0: Ball
1-0: Called Strike
Jorge Carranza steals 3rd base
Donald Brampton to second
1-1: Swinging Strike
1-2: Ball
2-2: Foul Ball, location: 2F
2-2: Ball
3-2: Base on Balls
Batting: RHB Mike Copeland 0-0: Called Strike
0-1: Ball
1-1: Swinging Strike
1-2: Ball
2-2: Foul Ball, location: 2F
2-2: Ball
3-2: Foul Ball, location: 2F
3-2: Foul Ball, location: 2F
3-2: Foul Ball, location: 2F
3-2: Base on Balls
Jorge Carranza scores
Donald Brampton to third
Edmond Richardson to second
Batting: LHB Troy Jackson 0-0: Swinging Strike
0-1: Grounds into double play, U6-3 (Groundball, 6)
Bottom of the 6th over - 4 run(s), 4 hit(s), 0 error(s), 2 left on base; Virginia 5 - Michigan State 4
TOP OF THE 7TH
Virginia Cavaliers batting - Pitching for Michigan State Spartans : LHP Sergio Rodríguez
Batting: RHB Rafael Ornelas 0-0: Ball
1-0: Foul Ball, location: 2F
1-1: Foul Ball, location: 2F
1-2: Ball
2-2: Strikes out looking
Batting: LHB José Márquez 0-0: Ball
1-0: Called Strike
1-1: Ball
2-1: Ball
3-1: Base on Balls
Batting: RHB John Warren 0-0: Swinging Strike
0-1: Called Strike
0-2: Ball
1-2: Ball
2-2: Ball
3-2: Foul Ball, location: 2F
3-2: Strikes out swinging
Pitching: RHP Bob Hatcher
Batting: RHB Ty Ford 0-0: Ball
1-0: Ball
Wild Pitch!
José Márquez to second
2-0: Ball
3-0: Called Strike
3-1: Foul Ball, location: 2F
3-2: Base on Balls
Batting: RHB Jeremy Johnston 0-0: Ball
1-0: Ball
2-0: Called Strike
2-1: Swinging Strike
2-2: Fly out, F7 (Popup, 7LM)
Top of the 7th over - 0 run(s), 0 hit(s), 0 error(s), 2 left on base; Virginia 5 - Michigan State 4
BOTTOM OF THE 7TH
Michigan State Spartans batting - Pitching for Virginia Cavaliers : RHP Luis Gonzáles
Batting: SHB Wayne Matthews 0-0: Ball
1-0: Swinging Strike
1-1: Ball
2-1: Ground out 4-3 (Groundball, 4)
Batting: LHB Raúl Casillán 0-0: Ball
1-0: Foul Ball, location: 2F
1-1: Ball
2-1: Ball
3-1: Base on Balls
Pitching: RHP Bill Ward
Batting: LHB Billy Anderson 0-0: Called Strike
0-1: Foul Ball, location: 2F
0-2: SINGLE (Groundball, 4MD)
Raúl Casillán to second
Batting: RHB Juan García 0-0: Fly out, F9 (Line Drive, 89M)
Batting: RHB Jorge Carranza 0-0: Ball
1-0: Foul Ball, location: 2F
1-1: Ball
2-1: Swinging Strike
2-2: Ball
3-2: Strikes out swinging
Bottom of the 7th over - 0 run(s), 1 hit(s), 0 error(s), 2 left on base; Virginia 5 - Michigan State 4
TOP OF THE 8TH
Virginia Cavaliers batting - Pitching for Michigan State Spartans : RHP Bob Hatcher
Batting: RHB John Dorsey 0-0: Called Strike
0-1: Ball
1-1: Ball
2-1: Ball
3-1: Base on Balls
Batting: RHB David Carter 0-0: Ball
1-0: Ball
2-0: Swinging Strike
2-1: Foul Ball, location: 2F
2-2: Ball
3-2: Base on Balls
John Dorsey to second
Batting: RHB Flynn Green 0-0: Bunted foul
0-1: Sac Bunt - play at first, batter OUT! U3
John Dorsey to third
David Carter to second
Batting: LHB John Frost 0-0: Intentional Walk
Batting: RHB Rafael Ornelas 0-0: Called Strike
0-1: Ball
1-1: Foul Ball, location: 2F
1-2: Foul Ball, location: 2F
1-2: Strikes out swinging
Pitching: RHP Jake Gillespie
Batting: LHB José Márquez 0-0: Fly out, F7 (Flyball, 78M)
Top of the 8th over - 0 run(s), 0 hit(s), 0 error(s), 3 left on base; Virginia 5 - Michigan State 4
BOTTOM OF THE 8TH
Michigan State Spartans batting - Pitching for Virginia Cavaliers : RHP Bill Ward
Pitching: RHP Sergio Chávez
Batting: RHB Donald Brampton 0-0: Ball
1-0: Foul Ball, location: 2F
1-1: Swinging Strike
1-2: Ball
2-2: Strikes out looking
Batting: SHB Edmond Richardson 0-0: Called Strike
0-1: Ball
1-1: Called Strike
1-2: Ball
2-2: SOLO HOME RUN (Flyball, 9D), Distance : 359 ft
Batting: RHB Mike Copeland 0-0: Ground out 5-3 (Groundball, 5S)
Batting: LHB Troy Jackson 0-0: Called Strike
0-1: Ball
1-1: Ball
2-1: Ball
3-1: Base on Balls
Batting: SHB Wayne Matthews 0-0: Called Strike
0-1: Ball
1-1: Ball
2-1: Foul Ball, location: 2F
2-2: Ground out 5-3 (Groundball, 56S)
Bottom of the 8th over - 1 run(s), 1 hit(s), 0 error(s), 1 left on base; Virginia 5 - Michigan State 5
TOP OF THE 9TH
Virginia Cavaliers batting - Pitching for Michigan State Spartans : RHP Jake Gillespie
Pitching: RHP Jason Pennington
Batting: RHB John Warren 0-0: SINGLE (Groundball, 4MD)
Batting: RHB Ty Ford 0-0: Foul Ball, location: 2F
0-1: Ball
1-1: Ball
2-1: Grounds into double play, 5-4-3 (Groundball, 5L)
Batting: RHB Jeremy Johnston 0-0: SOLO HOME RUN (Flyball, 78XD), Distance : 387 ft
Batting: RHB John Dorsey 0-0: Fly out, F8 (Flyball, 8RM)
Top of the 9th over - 1 run(s), 2 hit(s), 0 error(s), 0 left on base; Virginia 6 - Michigan State 5
BOTTOM OF THE 9TH
Michigan State Spartans batting - Pitching for Virginia Cavaliers : RHP Sergio Chávez
Pitching: RHP Cal Baldwin
Batting: LHB Raúl Casillán 0-0: Foul Ball, location: 2F
0-1: Swinging Strike
0-2: Ground out 1-3 (Groundball, 13)
Batting: LHB Billy Anderson 0-0: Ball
1-0: Ball
2-0: Fly out, F7 (Flyball, 78M)
Batting: RHB Juan García 0-0: Ball
1-0: Ball
2-0: Ball
3-0: Called Strike
3-1: Fly out, F3 (Popup, 3SF)
Bottom of the 9th over - 0 run(s), 0 hit(s), 0 error(s), 0 left on base; Virginia 6 - Michigan State 5
This league is powered by Out of the Park Baseball, the baseball management simulation game for PC, Mac and Linux
Wednesday, December 2nd, 2015 - OOTP Baseball 16.8 Build 38